 Dungeon Crawl Stone Soup version 0.17.1-3-g152610e (webtiles) character file.

17607 Gargoyl the Protected (level 12, -6/100 HPs)
             Began as a Demonspawn Abyssal Knight on Apr 23, 2016.
             Was the Champion of Lugonu.
             Splashed by an oklob plant's acid (18 damage)
             ... on level 4 of the Lair of Beasts.
             The game lasted 00:29:08 (13119 turns).

Gargoyl the Protected (Demonspawn Abyssal Knight)  Turns: 13119, Time: 00:29:08

Health: -6/100     AC: 22    Str: 18    XL:     12   Next: 20%
Magic:  15/15      EV:  8    Int: 17    God:    Lugonu [******]
Gold:   313        SH:  5    Dex: 14    Spells: 0 memorised, 11 levels left

rFire  . . .     SeeInvis .     r - +6 war axe (venom)
rCold  . . .     Clarity  .     I - +0 plate armour
rNeg   . . .     SustAt   .     K - +0 buckler
rPois  .         Gourm    .     (no helmet)
rElec  .         Spirit   .     b - +2 cloak
rCorr  .         Warding  .     z - +0 pair of gloves
rMut   .         Stasis   .     n - +2 pair of boots
MR     .....                    (no amulet)
Stlth  ..........               O - +4 ring of protection
                                T - +5 ring of intelligence

@: short of breath, corroded equipment, not resistant to hostile enchantments,
extremely unstealthy
A: hooves 1, rugged brown scales 2, agile 1, breathe flames 1, dopey 1, powered
by death 2, spiny 2
a: Depart the Abyss, Bend Space, Banish, Corrupt, Enter the Abyss, Brand Weapon
With Distortion, Renounce Religion, Breathe Fire


You were on level 4 of the Lair of Beasts.
You worshipped Lugonu.
Lugonu was exalted by your worship.
You were hungry.

You visited 2 branches of the dungeon, and saw 13 of its levels.
You visited the Abyss 1 time.

You collected 602 gold pieces.
You spent 289 gold pieces at shops.

Inventory:

Hand Weapons
 r - a +6 war axe of venom (weapon)
 u - a +1 spear of freezing
 B - a +0 flail
 C - a +0 dire flail
Missiles
 a - 7 tomahawks (quivered)
Armour
 b - a +2 cloak (worn)
 n - a +2 pair of boots (worn)
 z - a +0 pair of gloves (worn)
 I - a +0 plate armour (worn)
 K - a +0 buckler (worn)
Jewellery
 O - a +4 ring of protection (right hand)
 T - a +5 ring of intelligence (left hand)
Wands
 s - a wand of frost (37)
 y - a wand of flame (18)
 D - a wand of random effects (26)
 F - a wand of random effects (23)
 H - a wand of flame (32)
 M - a wand of polymorph (13)
 S - a wand of disintegration (18)
 U - a wand of frost (11)
Scrolls
 d - 9 scrolls of identify
 g - 9 scrolls of remove curse
 h - 3 scrolls of amnesia
 A - a scroll of magic mapping
 L - 2 scrolls of fear
 Q - a scroll of teleportation
Potions
 e - a potion of haste
 f - a potion of agility {unknown}
 i - a potion of lignification {unknown}
 k - a potion of curing
 l - a potion of flight {unknown}
 o - a potion of cancellation {unknown}
 p - 2 potions of might
 q - a potion of experience {unknown}
 v - 5 potions of poison {unknown}
 w - 3 potions of brilliance {unknown}
 N - a potion of invisibility
 R - a potion of magic {unknown}
Books
 x - a book of Death

   Spells                             Type                      Level
   a - Corpse Rot                     Necromancy                   2
   b - Sublimation of Blood           Necromancy                   2
   c - Agony                          Necromancy                   5
   d - Dispel Undead                  Necromancy                   5
   e - Excruciating Wounds            Charms/Necromancy            5
   f - Bolt of Draining               Conjuration/Necromancy       5
 J - a book of Battle

   Spells                             Type                      Level
   a - Infusion                       Charms                       1
   b - Shroud of Golubria             Charms/Translocation         2
   c - Song of Slaying                Charms                       2
   d - Spectral Weapon                Hexes/Charms                 3
   e - Regeneration                   Charms/Necromancy            3
 P - a book of Enchantments

   Spells                             Type                      Level
   a - Cause Fear                     Hexes                        4
   b - Silence                        Hexes/Air                    5
   c - Deflect Missiles               Charms/Air                   6
   d - Haste                          Charms                       6
   e - Discord                        Hexes                        8
Miscellaneous
 E - a plain deck of escape
Comestibles
 c - 8 bread rations
 m - 2 slices of pizza
 t - 7 meat rations
 G - a royal jelly


   Skills:
 + Level 9.6 Fighting
 + Level 9.3 Axes
 + Level 1.0 Throwing
 * Level 12.0 Armour
 + Level 4.7 Dodging
 + Level 1.1 Stealth
 + Level 3.8 Shields
 + Level 4.2 Invocations
 + Level 0.2 Evocations


You had 11 spell levels left.
You didn't know any spells.

Dungeon Overview and Level Annotations

Branches:
Dungeon (9/15)             Temple (0/1) D:6            Lair (4/8) D:9
  Swamp: Lair:3-6    Shoals: Lair:3-6     Snake: Lair:3-6    Spider: Lair:3-6
    Orc: D:9-12

Altars:
Fedhas
Kikubaaqudgha
Nemelex Xobeh
Sif Muna
Trog
Vehumet
Xom
Zin

Shops:
D:6 }   D:7 %[

Annotations:
D:8 exclusion: ice statue
Lair:4 exclusion: oklob plant


Innate Abilities, Weirdness & Mutations

You have large cloven feet.
You are mostly covered in rugged brown scales (AC +2, +5% HP).
You regenerate health from kills.
You are mostly covered in sharp spines.
You are agile. (Dex +2)
You can breathe flames.
You are dopey. (Int -2)


Message History

The plant is moderately damaged.
You hit the plant.
The plant is moderately damaged.
The oklob plant spits acid at you. The splash of acid hits you!
The acid corrodes you!
The acid burns!
* * * LOW HITPOINT WARNING * * *
Press: ? - help, Shift-Dir - straight line, f - oklob plant
Aim: an oklob plant (heavily damaged, poisoned)
You breathe a blast of fire!
The fiery breath hits the oklob plant.
The oklob plant is severely damaged.
The fiery breath hits the plant.
The plant appears unharmed.
The plant is moderately damaged.
The fiery breath hits the plant.
The plant is moderately damaged.
You feel somewhat more hungry. The oklob plant spits acid at you.
The splash of acid hits you!
* * * LOW HITPOINT WARNING * * *
The acid corrodes you!
The acid burns!
You die...

...P## #..P..#.# ...##
#P#P.P..# ..#######
###PP..## ...#..#.#
#P....# ........##
##PP..P#
.........####......#
............#.#P.P##
#.##..†...#.###P..#
####...P##### #P@.#
##...P##### #..P..#
###.........##PP....#
#...........##P....P#
###.........##.#P..PP.
#.........####P...P##
#.........# ##P...#
###.........# .P.##
##..........#


You could see an oklob plant.

Vanquished Creatures
  The ghost of bosm the Cleaver, a novice FoFi of Yredelemnul (D:7)
  Pikel (D:7)
  An oklob plant (Lair:4)
  4 black mambas
  4 spiny frogs
  A komodo dragon (D:9)
  4 blink frogs (Lair:4)
  A troll (D:7)
  Grinder (D:3)
  Prince Ribbit (D:8)
  A slime creature (Lair:1)
  Eustachio (D:6)
  A trapdoor spider (D:9)
  15 yaks
  The ghost of murphy the Envoy of Void, an amateur DsAK of Lugonu (D:9)
  5 humans (Lair:2)
  6 hippogriffs
  Edmund (D:6)
  5 water moccasins
  7 porcupines
  Duvessa (D:6)
  6 orc warriors
  3 sky beasts
  5 ogres
  A centaur (D:8)
  4 slaves (D:7)
  A black bear (D:9)
  2 ice beasts (D:5)
  A necrophage (D:8)
  5 crocodiles
  A brain worm (Lair:4)
  13 giant frogs
  A wyvern zombie (D:7)
  3 big kobolds
  Dowan (D:6)
  A wyvern skeleton (D:9)
  A scorpion (D:6)
  A lava snake (Lair:4)
  8 crimson imps
  10 jellies
  3 quasits
  2 giant frog zombies (D:7)
  A centaur zombie (D:5)
  4 orc priests
  A centaur skeleton (D:4)
  5 hounds
  5 iguanas
  Ijyb (Lair:2)
  9 orc wizards
  Jessica (D:2)
  8 worker ants
  24 sheep
  8 gnolls
  11 adders
  26 river rats
  2 shadow imps
  16 oozes
  2 worms
  6 giant geckos
  31 orcs
  2 giant cockroaches
  8 hobgoblins
  10 jackals
  15 kobolds
  4 quokkas
  6 bats
  A giant gecko zombie (D:5)
  5 giant newts
  6 goblins
  6 rats
  A fungus (Lair:3)
  3 plants (Lair:4)
364 creatures vanquished.

Vanquished Creatures (others)
  A hydra (Lair:2)
  3 fungi (Lair:1)
  9 plants
13 creatures vanquished.

Grand Total: 377 creatures vanquished

Notes
Turn   | Place    | Note
--------------------------------------------------------------
     0 | Abyss:1  | Gargoyl the Demonspawn Abyssal Knight began the quest for the Orb.
     0 | Abyss:1  | Reached XP level 1. HP: 18/18 MP: 2/2
    34 | Abyss:1  | Noticed a starcursed mass
    38 | Abyss:1  | Gained mutation: You are partially covered in rugged brown scales (AC +1, +3% HP). [demonic ancestry]
    38 | Abyss:1  | Reached XP level 2. HP: 7/24 MP: 4/4
    60 | Abyss:1  | Noticed a large abomination
    86 | Abyss:1  | Noticed a thrashing horror
    90 | D:1      | Escaped the Abyss
   567 | D:1      | Reached * piety under Lugonu
   708 | D:1      | Gained mutation: You have large cloven feet. [demonic ancestry]
   708 | D:1      | Reached XP level 3. HP: 25/30 MP: 5/5
  1215 | D:1      | Found a sparkling altar of Nemelex Xobeh.
  1222 | D:1      | Reached skill level 4 in Fighting
  1341 | D:2      | Reached skill level 1 in Dodging
  1612 | D:2      | Noticed Jessica
  1742 | D:2      | Killed Jessica
  1742 | D:2      | Gained mutation: You are mostly covered in rugged brown scales (AC +2, +5% HP). [demonic ancestry]
  1742 | D:2      | Reached XP level 4. HP: 27/38 MP: 6/6
  2504 | D:2      | Reached ** piety under Lugonu
  2773 | D:3      | Noticed Grinder
  2777 | D:3      | Paralysed by Grinder for 4 turns
  2930 | D:4      | HP: 1/38 [gnoll/flail (8)]
  2934 | D:4      | Gained mutation: You are partially covered in sharp spines. [demonic ancestry]
  2934 | D:4      | Reached XP level 5. HP: 11/44 MP: 7/7
  3449 | D:4      | Noticed an ogre
  3457 | D:4      | Killed an ogre
  3457 | D:4      | Gained mutation: You regenerate a little health from kills. [demonic ancestry]
  3457 | D:4      | Reached XP level 6. HP: 18/50 MP: 8/8
  4066 | D:5      | Entered Level 5 of the Dungeon
  4095 | D:5      | Reached XP level 7. HP: 23/57 MP: 9/9
  4106 | D:5      | Gained mutation: You can breathe flames. [mutagenic meat]
  4107 | D:5      | Gained mutation: You are dopey. (Int -2) [mutagenic meat]
  4109 | D:5      | Gained mutation: You are agile. (Dex +2) [mutagenic meat]
  4508 | D:5      | Found a deep blue altar of Sif Muna.
  4645 | D:5      | Reached *** piety under Lugonu
  4645 | D:5      | Reached skill level 5 in Fighting
  4645 | D:5      | Reached skill level 5 in Armour
  4841 | D:6      | Noticed Edmund
  4855 | D:6      | Killed Edmund
  4855 | D:6      | Reached XP level 8. HP: 36/65 MP: 10/10
  4993 | D:6      | Found Cikosul's Gadget Shop.
  5034 | D:6      | Noticed Eustachio
  5064 | D:6      | Killed Eustachio
  5064 | D:6      | Reached skill level 6 in Armour
  5104 | D:6      | Bought a plain deck of escape for 154 gold pieces
  5152 | D:6      | Found a staircase to the Ecumenical Temple.
  5443 | D:3      | Paralysed by Grinder for 4 turns
  5457 | D:3      | Killed Grinder
  6030 | D:6      | Reached skill level 7 in Armour
  6057 | D:6      | Reached XP level 9. HP: 67/72 MP: 11/11
  6107 | D:6      | Reached skill level 5 in Axes
  6387 | D:7      | Noticed a troll
  6392 | D:7      | Reached **** piety under Lugonu
  6396 | D:7      | Killed a troll
  6670 | D:7      | Reached skill level 8 in Armour
  6824 | D:7      | Found a shimmering altar of Xom.
  6832 | D:7      | Found Ynkoh's Antique Armour Shoppe.
  6840 | D:7      | Bought a buckler for 135 gold pieces
  6848 | D:7      | Found Puimaten's Food Shoppe.
  6982 | D:7      | Found a sparkling altar of Nemelex Xobeh.
  7128 | D:7      | Noticed Duvessa
  7129 | D:7      | Noticed bosm's ghost (novice FoFi)
  7130 | D:7      | Noticed Dowan
  7178 | D:6      | Killed Duvessa
  7184 | D:6      | Killed Dowan
  7184 | D:6      | Reached skill level 1 in Throwing
  7252 | D:7      | Killed bosm's ghost
  7252 | D:7      | Reached skill level 9 in Armour
  7461 | D:7      | Reached skill level 1 in Stealth
  7461 | D:7      | Reached XP level 10. HP: 82/82 MP: 12/12
  7541 | D:7      | Noticed Pikel
  7559 | D:7      | Killed Pikel
  7657 | D:8      | Found an ancient bone altar of Kikubaaqudgha.
  7658 | D:8      | Found a bloodstained altar of Trog.
  7658 | D:8      | Found a glowing silver altar of Zin.
  7660 | D:8      | Found a radiant altar of Vehumet.
  7660 | D:8      | Found a blossoming altar of Fedhas.
  7661 | D:8      | Noticed Prince Ribbit
  7673 | D:8      | Killed Prince Ribbit
  7755 | D:8      | Reached skill level 1 in Shields
  8444 | D:9      | Reached ***** piety under Lugonu
  8579 | D:9      | Noticed murphy's ghost (amateur DsAK)
  8591 | D:9      | Killed murphy's ghost
  8681 | D:9      | Found a staircase to the Lair.
  8709 | D:9      | HP: 2/84 [komodo dragon (7)]
  9257 | D:9      | Reached skill level 10 in Armour
  9585 | Lair:1   | Entered Level 1 of the Lair of Beasts
  9623 | Lair:1   | Got a fine silver ring
  9722 | Lair:1   | Noticed a black mamba
  9730 | Lair:1   | Killed a black mamba
  9927 | Lair:1   | Gained mutation: You are mostly covered in sharp spines. [demonic ancestry]
  9927 | Lair:1   | Reached XP level 11. HP: 87/90 MP: 13/13
 10453 | Lair:1   | Reached skill level 11 in Armour
 10658 | Lair:2   | Noticed a seven-headed hydra
 10660 | Lair:2   | Reached ****** piety under Lugonu
 10660 | Lair:2   | Banished a seven-headed hydra
 11075 | Lair:2   | Noticed Ijyb
 11076 | Lair:2   | Identified the ring "Lilaacky" {+Blink rF++ rC+ MR- Int+4} (You found it on level 1 of the Lair of Beasts)
 11093 | Lair:2   | Killed Ijyb
 12445 | Lair:4   | Gained mutation: You regenerate health from kills. [demonic ancestry]
 12445 | Lair:4   | Reached XP level 12. HP: 99/99 MP: 15/15
 13108 | Lair:4   | Reached skill level 12 in Armour
 13119 | Lair:4   | Splashed by an oklob plant's acid

Action                   |  1- 3 |  4- 6 |  7- 9 | 10-12 || total
-------------------------+-------+-------+-------+-------++-------
Melee: Hand axe          |    96 |     5 |       |       ||   101
       War axe           |       |   139 |   251 |   504 ||   894
Throw: Tomahawk          |       |       |     5 |       ||     5
Invok: Depart the Abyss  |     1 |       |       |       ||     1
       Banish            |       |       |     1 |     3 ||     4
       Bend Space        |       |       |       |     1 ||     1
 Abil: Breathe Fire      |       |       |     2 |     2 ||     4
Evoke: Wand              |       |       |       |     9 ||     9
  Use: Potion            |     1 |     3 |     3 |     5 ||    12
       Scroll            |       |    10 |       |    19 ||    29
  Eat: Chunk             |     2 |     6 |     8 |    16 ||    32
       Bread ration      |       |     1 |     1 |       ||     2
       Pizza             |       |     1 |       |       ||     1
       Fruit             |       |       |     3 |     1 ||     4
       Royal jelly       |       |       |       |     1 ||     1
